 Dungeon Crawl Stone Soup version 0.26-a0-950-g52035dc9a5 (webtiles) character file.

Game seed: 14631712758087607540

44 PentaManta the Ruffian (level 3, 36/36 HPs)
             Began as a Troll Abyssal Knight on Nov 29, 2020.
             Was a Follower of Lugonu.
             Got out of the dungeon alive.
             The game lasted 00:01:52 (615 turns).

PentaManta the Ruffian (Troll Abyssal Knight)        Turns: 615, Time: 00:01:52

Health: 36/36      AC:  7    Str: 21    XL:     3   Next: 41%
Magic:  3/3        EV: 10    Int:  8    God:    Lugonu [*.....]
Gold:   46         SH:  0    Dex: 15    Spells: 2/2 levels left

rFire    . . .     SeeInvis .     - Unarmed
rCold    . . .     Faith    .   (no shield)
rNeg     . . .     Spirit   .   a - +0 robe
rPois    +         Reflect  .   (helmet restricted)
rElec    .         Harm     .   k - +0 cloak
rCorr    .         Rampage  .   (gloves unavailable)
MR       .....                  (boots unavailable)
Stlth    +.........             (no amulet)
HPRegen  0.52/turn              h - +6 ring of dexterity
MPRegen  0.08/turn              j - ring of poison resistance

@: no status effects
A: large, unfitting armour, claws 3, regeneration 1, shaggy fur 1, tough skin 3
a: Depart the Abyss, Renounce Religion


You escaped.
You worshipped Lugonu.
Lugonu was aware of your devotion.
You visited 1 branch of the dungeon, and saw 1 of its levels.
You visited the Abyss 1 time.

You collected 46 gold pieces.

Inventory:

Armour
 a - a +0 robe (worn)
 k - a +0 cloak (worn)
Jewellery
 h - a +6 ring of dexterity (left claw)
 j - a ring of poison resistance (right claw)
Scrolls
 b - a scroll of teleportation {unknown}
 d - a scroll of immolation {unknown}
 f - 3 scrolls of identify {unknown}
 g - a scroll of enchant armour {unknown}
 m - a scroll of enchant weapon {unknown}
 n - a scroll of blinking {unknown}
Potions
 c - 2 potions of curing {unknown}
 e - 2 potions of mutation {unknown}
 i - a potion of attraction {unknown}
 l - a potion of degeneration {unknown}


   Skills:
 - Level 2.4 Fighting
 - Level 1.9 Dodging
 + Level 3.9 Unarmed Combat
 - Level 1.5 Invocations


You had 2 spell levels left.
You didn't know any spells.
Your spell library was empty.

Dungeon Overview and Level Annotations

Branches:
Dungeon (1/15)

Altars:


Innate Abilities, Weirdness & Mutations

You are too large for most types of armour.
You have claws for hands.
Your natural rate of healing is unusually fast.
You are covered in fur. (AC +1)
You have extremely tough skin. (AC +3)


Message History

No target in view!
No target in view!
You open the door.
There is an open door here.
Done exploring.
Done exploring.
Done exploring.
Done exploring.
Done exploring.
No target in view!
No target in view!
No target in view!
Welcome back, PentaManta the Troll Abyssal Knight.
Lugonu says: Spread carnage and corruption!
Press ? for a list of commands and other information.
You enter the shallow water.
Moving in this stuff is going to be slow.
There is a staircase leading out of the dungeon here.
Are you sure you want to leave the Dungeon?
This will make you lose the game!
You have escaped!

###############
#.≈≈≈P.@..PP..#
#.≈≈P.P.....≈.##
#.P....P..≈..#.##
#≈P....≈....≈#..#
#.≈≈..≈.≈PP..≈≈≈#
##≈.......≈.≈≈≈##
#......P.≈≈PP≈≈.#
#.....≈....≈PP≈.#
##..≈≈≈≈.P≈P≈≈.##


There were no monsters in sight!

Vanquished Creatures
  A quasit (Abyss:1)
  A leopard gecko (D:1)
  2 bats (D:1)
  A giant cockroach (D:1)
  2 hobgoblins (D:1)
  A frilled lizard (D:1)
  3 kobolds (D:1)
  4 rats (D:1)
15 creatures vanquished.

Notes
Turn   | Place    | Note
-------+----------+-------------------------------------------
     0 | Abyss:1  | PentaManta the Troll Abyssal Knight began the quest for the
                  | Orb.
     0 | Abyss:1  | Reached XP level 1. HP: 22/22 MP: 1/1
    75 | Abyss:1  | Noticed a quasit
    85 | Abyss:1  | Killed a quasit
    86 | Abyss:1  | Reached skill level 3 in Unarmed Combat
    86 | Abyss:1  | Reached XP level 2. HP: 25/29 MP: 2/2
    86 | Abyss:1  | Reached XP level 3. HP: 31/36 MP: 3/3
    92 | D:1      | Escaped the Abyss
   615 | D:$      | Got out of the dungeon alive.

Illustrated notes

Levels and vault maps discovered:
D:1:      lemuel_arrival_muddy, layout_basic

Skill      XL: |  1 |
---------------+----+-----
Unarmed Combat | 3 |  3.9
Fighting       | |  2.4
Dodging        | |  1.9
Invocations    | |  1.5

Action                   || total
-------------------------++-------
Melee: Unarmed           ||    34
       Punch             ||     1
 Stab: Sleeping          ||     1
Armor: Robe              ||    21
Dodge: Dodged            ||    26

Table legend: (Time is in decaauts)
 A = Elapsed time spent in this place.
 B = Non-inter-level travel time spent in this place.
 C = Inter-level travel time spent in this place.
 D = Time resting spent in this place.
 E = Time spent auto-exploring this place.
 F = Levels seen in this place.
 G = Mean time per level.
                   A        B        C        D        E       F      G
               +--------+--------+--------+--------+--------+-----+--------+
         Total |    614 |    555 |     59 |      0 |    422 |   2 |  307.0 |
       Dungeon |    522 |    463 |     59 |      0 |    378 |   1 |  522.0 |
         Abyss |     92 |     92 |      0 |      0 |     44 |   1 |   92.0 |
               +--------+--------+--------+--------+--------+-----+--------+

Top non-repeatable levels by time:
     D:1: 522 daAuts
 Abyss:1: 92 daAuts
